AoeStats
← IamxSaVaGe7117

Arena

510181479Analyzed
1v1 RM · 2d ago on Sep 29, 2026· 55m 46s· 2 players
Game mode
Random Map
Map size
Tiny (2 player)
Population
200
Speed
Normal
Resources
Standard
Victory
Conquest
Starting age
Dark Age
Ending age
Imperial Age
RankedLock teamsTeams togetherTeam positionsShared explorationLock speedFull tech treeHidden civsTurbo modeCheats
Victory
Defeat
🇲🇽 Cumans · Mexico
555
+18
🇺🇸 Vietnamese · United States
601
-18
Julianz207632
0:39 Loom
12:17 Feudal Age
13:04 Horse Collar
14:09 Double-Bit Axe
15:05 Wheelbarrow
15:14 Man-at-Arms
15:40 Arson
16:33 Forging
16:23 Scale Mail Armor
19:53 Town Watch
24:29 Castle Age
24:38 Capped Ram
28:48 Bow Saw
28:46 Heavy Plow
29:25 Pikeman
30:45 Iron Casting
30:25 Chain Mail Armor
30:16 Squires
31:25 Gold Mining
31:26 Stone Mining
33:36 Gold Shaft Mining
33:30 Thumb Ring
33:48 Ballistics
34:10 Fervor
34:46 Murder Holes
35:54 Hand Cart
35:40 Town Patrol
36:50 Fletching
37:52 Bodkin Arrow
39:16 Long Swordsman
45:21 Imperial Age
48:50 Chemistry
48:52 Blast Furnace
48:07 Chain Mail Armor
47:53 Padded Archer Armor
47:58 Scale Barding Armor
48:59 Crop Rotation
49:34 Two-Man Saw
48:37 Town Patrol
49:33 Conscription
49:53 Hoardings
49:23 Steppe Husbandry
49:50 Masonry
51:30 Chain Mail Armor
51:30 Leather Archer Armor
51:36 Chain Barding Armor
50:45 Two-Handed Swordsman
50:45 Halberdier
52:11 Elite Kipchak
53:14 Cavalier
53:14 Light Cavalry
54:05 Bloodlines
54:40 Sappers
IamxSaVaGe7117
9:42 Feudal Age
16:17 Castle Age
14:26 Double-Bit Axe
17:42 Squires
19:02 Bow Saw
19:34 Gold Mining
26:05 Loom
40:07 Husbandry
42:26 Chatras
43:22 Elite Skirmisher
44:13 Thumb Ring
50:49 Imperial Age
52:31 Chemistry
Connection lost

Rejoining the realm…

Still unreachable

The connection could not be restored.

Session expired

The server has moved on; the page needs a fresh start.